Map: Port Aleksander LE

Players

SKillous

  • Race: Protoss Protoss
  • Spawn Location: 11:00

MaSa - Winner!

  • Race: Terran Terran
  • Spawn Location: 5:00

Event: 2019 WCS Spring

VOD

Have the link to the VOD?

Description

Time

  • Played on: May 18, 2019, 9:12 a.m.
  • Length: 8:13

All games in this series

Show
View Real Time Build Order
Export as new Build Order

SKillous Protoss 

Build Orders: 1 Gate Expand, Blink Stalkers 

Get SALT Encoding   

  12  0:00  Probe  
  13  0:12  Probe  
  14  0:18  Pylon  
  14  0:24  Probe  
  15  0:32  Probe  
  15  0:37  Gateway  
  15  0:40  Probe  
  16  0:46  Assimilator  
  17  0:51  Probe  
  18  1:03  Probe  
  19  1:15  Probe  
  20  1:28  Cybernetics Core  
  20  1:35  Nexus  
  20  1:44  Zealot  
  20  1:45  Pylon  
  20  1:47  Probe  
  23  2:01  Stalker  
  23  2:02  Probe  
  22  2:23  Probe  
  22  2:24  Assimilator  
  22  2:25  Warp Gate  
  23  2:30  Stalker  
  23  2:31  Pylon  
  23  2:35  Probe  
  26  2:46  Pylon  
  26  2:47  Probe  
  27  2:54  Twilight Council  
  27  2:59  Probe  
  28  3:06  Stalker  
  28  3:10  Blink  
  30  3:23  Gateway  
  30  3:37  Stalker  
  32  3:55  Gateway  
  32  3:57  Probe  
  33  4:06  Pylon  
  33  4:15  Stalker  
  35  4:18  Stalker  
  37  4:40  Stalker  
  37  4:41  Stalker  
  41  4:50  Stalker  
  43  4:59  Pylon  
  43  5:05  Stalker x2  
  47  5:21  Robotics Facility  
  41  5:35  Stalker x3  
  45  5:43  Shield Battery  
  44  5:52  Probe  
  33  6:08  Observer  
  33  6:11  Stalker x2  
  33  6:14  Probe  
  25  6:41  Stalker  
  25  6:42  Zealot  
  28  6:47  Zealot  
  30  7:03  Stalker  
  17  7:39  Stalker, Zealot  
  17  7:40  Zealot  
  17  7:42  Probe  
  22  7:58  Stalker  
  24  8:03  Zealot  
Show
View Real Time Build Order
Export as new Build Order

MaSa Terran - Winner!

Build Orders:  

Get SALT Encoding   

  12  0:00  SCV  
  13  0:12  SCV  
  14  0:18  Supply Depot  
  14  0:24  SCV  
  15  0:40  Barracks  
  15  0:43  SCV  
  16  0:56  Barracks  
  16  1:00  SCV  
  17  1:06  Refinery  
  17  1:13  SCV  
  18  1:27  Orbital Command, Marine  
  19  1:42  Marine  
  19  1:44  Supply Depot  
  19  1:45  Marine  
  21  1:51  Bunker  
  21  1:54  SCV  
  21  2:00  Marine  
  23  2:08  Marine  
  23  2:11  SCV  
  25  2:16  Bunker  
  25  2:18  Marine  
  26  2:24  SCV  
  26  2:29  Factory  
  27  2:31  Marine  
  28  2:38  SCV  
  28  2:50  SCV  
  28  2:51  Marine x2  
  28  2:57  Supply Depot  
  30  3:02  SCV  
  31  3:09  Refinery  
  31  3:14  Starport  
  31  3:18  SCV, Marine x2  
  34  3:32  Command Center  
  34  3:33  SCV  
  35  3:38  Factory Tech Lab  
  35  3:47  SCV  
  36  3:59  SCV  
  36  4:01  Supply Depot  
  37  4:05  Cloaking Field  
  37  4:11  SCV  
  37  4:12  Supply Depot  
  38  4:20  Bunker, Factory Tech Lab  
  38  4:22  Banshee  
  41  4:25  SCV  
  41  4:30  Supply Depot  
  42  4:37  SCV  
  39  4:43  Orbital Command  
  39  4:47  Supply Depot  
  39  4:48  Bunker  
  39  4:52  Siege Tank  
  42  4:55  SCV  
  42  4:57  Marine  
  42  4:58  Supply Depot  
  44  5:08  SCV  
  44  5:12  Banshee  
  40  5:29  Marine  
  40  5:30  SCV  
  39  5:38  SCV  
  39  5:40  Marine  
  41  5:44  Siege Tank  
  44  5:58  Marine  
  44  6:03  SCV  
  43  6:05  SCV  
  38  6:15  SCV  
  38  6:18  SCV  
  37  6:19  Banshee  
  37  6:29  Marine  
  38  6:38  Marine  
  39  6:44  SCV x2  
  39  6:47  Marine  
  42  6:54  Siege Tank  
  42  6:56  Marine, Barracks  
  46  7:03  SCV x2  
  46  7:04  Marine  
  48  7:14  Marine  
  48  7:15  SCV  
  50  7:23  SCV  
  50  7:27  SCV  
  49  7:31  Marine  
  49  7:35  SCV  
  47  7:39  SCV  
  47  7:43  Marine  
  51  7:45  Marine  
  51  7:49  Marine  
  53  7:55  SCV x2, Supply Depot  
Tags
 
Add a new tag
Caveats
  • Supply blocks, unpowered buildings, or Contaminate may cause inaccurate times.
  • Supply counts are checked every 10 seconds.